Map: King's Cove LE

Players

RlSky (RiSky) - Winner!

  • Race: Zerg Zerg
  • League: Master
  • Spawn Location: 5:00

SouLeer

  • Race: Zerg Zerg
  • League: Master
  • Spawn Location: 11:00

Event: HomeStory Cup XIX

VOD

Have the link to the VOD?

Description

Time

  • Played on: June 27, 2019, 12:31 p.m.
  • Length: 3:19

All games in this series

Show
View Real Time Build Order
Export as new Build Order

RlSky Zerg - Winner!

Build Orders: Pool Only 

Get SALT Encoding   

  12  0:18  Spawning Pool  
  11  0:22  Drone  
  11  0:28  Drone  
  13  0:31  Drone  
  14  0:41  Overlord  
  14  1:05  Zergling x6  
  17  1:15  Zergling x2  
  18  1:28  Zergling x2  
  19  1:37  Zergling x2  
  20  1:48  Zergling x2  
  21  1:58  Zergling x2  
  22  2:08  Spine Crawler x2  
  20  2:15  Spine Crawler  
  15  2:39  Zergling x2  
  16  2:53  Zergling x2  
  17  3:02  Zergling x2  
Show
View Real Time Build Order
Export as new Build Order

SouLeer Zerg 

Build Orders: Hatch First 

Get SALT Encoding   

  12  0:01  Drone  
  13  0:13  Overlord  
  13  0:19  Drone  
  14  0:32  Drone x2  
  16  0:51  Hatchery  
  16  0:55  Drone  
  16  0:58  Drone  
  16  1:01  Drone  
  18  1:12  Extractor  
  18  1:18  Spawning Pool  
  16  1:21  Drone  
  17  1:26  Drone  
  17  1:31  Drone  
  19  1:48  Overlord  
  19  2:05  Queen  
  19  2:06  Zergling x4  
  25  2:10  Zergling x2  
  24  2:16  Spine Crawler  
  24  2:21  Zergling x2  
  21  2:54  Zergling x2  
  22  2:58  Zergling x2  
Tags
 
Add a new tag
Caveats
  • Supply blocks, unpowered buildings, or Contaminate may cause inaccurate times.
  • Supply counts are checked every 10 seconds.